 Dungeon Crawl Stone Soup version 0.29.1-4-g47bece8355 (webtiles) character file.

Game seed: 9110286134267534728

4 ChadusMaximus the Caller (level 1, 0/13 HPs)
             Began as a Human Summoner on Dec 7, 2022.
             Slain by a bat (1 damage)
             ... on level 1 of the Dungeon.
             The game lasted 00:00:24 (241 turns).

ChadusMaximus the Caller (Human Summoner)            Turns: 241, Time: 00:00:24

Health: 0/13       AC:  2    Str:  8    XL:     1   Next: 66%
Magic:  0/3        EV: 12    Int: 15    God:
Gold:   0          SH:  0    Dex: 13    Spells: 3/4 levels left

rFire   . . .      SeeInvis .   (no weapon)
rCold   . . .      Faith    .   (no shield)
rNeg    . . .      Spirit   .   a - +0 robe
rPois   .          Reflect  .   (no helmet)
rElec   .          Harm     .   (no cloak)
rCorr   .          Rampage  .   (no gloves)
Will    .....                   (no boots)
Stlth   ++........              (no amulet)
HPRegen 0.04/turn               (no ring)
MPRegen 0.08/turn               (no ring)

@: no status effects
A: no striking features
a: no special abilities


You were on level 1 of the Dungeon.
You visited 1 branch of the dungeon, and saw 1 of its levels.

Inventory:

Armour
 a - a +0 robe (worn)
Scrolls
 c - a scroll of poison {unknown}
 d - a scroll of summoning {unknown}
Potions
 b - a potion of magic


   Skills:
 + Level 2.1 Dodging
 + Level 2.1 Stealth
 + Level 2.0 Spellcasting
 + Level 4.0 Summonings


You had 3 spell levels left.
You knew the following spells:

 Your Spells              Type           Power      Damage    Failure   Level
a - Summon Small Mammal   Summ           52%        N/A       4%          1

Your spell library contained the following spells:

 Spells                   Type           Power      Damage    Failure   Level
 Call Imp                 Summ           13%        N/A       6%          2
 Call Canine Familiar     Summ           13%        N/A       13%         3
 Summon Guardian Golem    Hex/Summ       7%         N/A       28%         3
 Summon Lightning Spire   Summ/Air       7%         N/A       67%         4


Dungeon Overview and Level Annotations

Branches:
Dungeon (1/15)

Altars:


Message History

You hit the jackal but do no damage.
The jackal is severely wounded.
The bat closely misses your quokka. Something barely misses your quokka.
The jackal closely misses you. The jackal bites you.
The bat closely misses your quokka.
Your quokka barely misses the bat.
Something closely misses your quokka. The jackal bites you.
* * * LOW HITPOINT WARNING * * *
The jackal closely misses you. The bat hits your quokka.
Your quokka dies!
Your quokka's corpse disappears in a puff of smoke!
Your bat hits the jackal but does no damage.
You hear a bark!
The jackal attacks as you move away! The jackal misses you.
Your bat hits the jackal but does no damage.
Your bat closely misses the jackal.
The bat closely misses your bat. The jackal closely misses your bat.
The jackal closely misses you. The jackal attacks as you move away!
The jackal bites you but does no damage.
The jackal bites you.
* * * LOW HITPOINT WARNING * * *
Casting: Summon Small Mammal (safe; 4% risk of failure)
Confirm with . or Enter, or press ? or * to list all spells.
The bat barely misses you. The jackal barely misses you. The bat hits you.
* * * LOW HITPOINT WARNING * * *
Your bat hits the bat but does no damage.
The jackal closely misses you. The bat attacks as you move away!
The bat barely misses you.
Your bat barely misses the bat.
The bat hits you but does no damage. The bat barely misses you.
Your bat misses the bat. The jackal barely misses you.
The bat hits you but does no damage.
Found a scroll labelled IGEQATHISCH.
Your bat closely misses the jackal.
The bat hits you but does no damage. The bat closely misses you.
The jackal attacks as you move away! The jackal barely misses you.
The bat attacks as you move away! The bat barely misses you.
Your bat closely misses the jackal.
The bat barely misses you. The bat attacks as you move away! The bat hits you.
You die...

.. ... . .. ...##
###.###
......#####.#...##
.......@bh....#...#
### .......##.b...#
...# ... ......#
##...## #..#..
.....# #..### #...
..?.. ##....# #..##
.... ##.....##
##b.## ...
#......h####..h..
...
#.<..##..##hb#...
#.)..###...#..#.h.


You could see 2 jackals, a bat and a friendly bat (summoned).

Vanquished Creatures (collateral kills)
  A bat (D:1)
  An endoplasm (D:1)
  A jackal (D:1)
3 creatures vanquished.

Notes
Turn   | Place    | Note
-------+----------+-------------------------------------------
     0 | D:1      | ChadusMaximus the Human Summoner began the quest for the
                  | Orb.
     0 | D:1      | Reached XP level 1. HP: 13/13 MP: 3/3
   241 | D:1      | Slain by a bat

Illustrated notes

Levels and vault maps discovered:
D:1:      dpeg_arrival_arbitrary_b, layout_rooms,
          hellmonk_ecumenical_altar_blasted

Action                   || total
-------------------------++-------
Melee: Unarmed           ||    16
 Cast: Summon Small Mamm ||     6
 Stab: Sleeping          ||     1
Armor: Robe              ||    16
Dodge: Dodged            ||    38
